 Dungeon Crawl Stone Soup version 0.22.1-1-ga44c0e56f4 (webtiles) character file.

208 Peloso the Covered (level 5, -2/47 HPs)
             Began as a Minotaur Fighter on Oct 26, 2018.
             Slain by Sigmund
             ... wielding a +0 scythe
              (10 damage)
             ... on level 3 of the Dungeon.
             The game lasted 00:02:43 (1460 turns).

Peloso the Covered (Minotaur Fighter)               Turns: 1460, Time: 00:02:43

Health: -2/47      AC:  7    Str: 25    XL:     5   Next: 55%
Magic:  4/4        EV:  8    Int:  5    God:
Gold:   104        SH: 10    Dex: 11    Spells: 4/4 levels left

rFire    . . .     SeeInvis .   a - +0 long sword
rCold    . . .     Gourm    +   c - +0 shield
rNeg     . . .     Faith    .   b - +0 scale mail
rPois    .         Spirit   .   (helmet restricted)
rElec    .         Reflect  .   (no cloak)
rCorr    .         Harm     .   (no gloves)
MR       +....                  (no boots)
Stlth    ..........             n - amulet of the gourmand
HPRegen  0.15/turn              h - ring of flight
MPRegen  0.09/turn              j - ring of protection from magic

@: mighty, lethally poisoned (-2 -> -5)
A: retaliatory headbutt, horns 2
a: Evoke Flight


You were on level 3 of the Dungeon.
You were not hungry.

You visited 1 branch of the dungeon, and saw 3 of its levels.

You collected 104 gold pieces.

Inventory:

Hand Weapons
 a - a +0 long sword (weapon)
Armour
 b - a +0 scale mail (worn)
 c - a +0 shield (worn)
Jewellery
 h - a ring of flight (left hand)
 j - a ring of protection from magic (right hand)
 n - an amulet of the gourmand (around neck)
Scrolls
 e - 4 scrolls of teleportation {unknown}
 i - a scroll of amnesia {unknown}
Potions
 g - a potion of heal wounds {unknown}
 k - 2 potions of curing {unknown}
 l - a potion of agility {unknown}
 m - a potion of lignification {unknown}
Comestibles
 f - 8 rations


   Skills:
 + Level 4.4 Fighting
 + Level 4.1 Long Blades
 + Level 4.9 Armour
 + Level 1.4 Dodging
 + Level 4.9 Shields


You had 4 spell levels left.
You didn't know any spells.
Your spell library was empty.

Dungeon Overview and Level Annotations

Branches:
Dungeon (3/15)

Altars:
Ru
Zin

Annotations:
D:3 Sigmund


Innate Abilities, Weirdness & Mutations

You reflexively headbutt those who attack you in melee.
You have a pair of horns on your head.


Message History

You kill the adder!
You feel sick.
Unknown command.
You barely miss the orc. Your headbutt misses the orc.
You feel sick. Sigmund looks at you with fury.
Sigmund gestures wildly while chanting.
Sigmund flickers and vanishes!
Deactivating autopickup; reactivate with Ctrl-A.
You block the orc's attack.
The orc wizard mumbles some strange words.
The orc wizard blinks!
Something hits you!
* * * LOW HITPOINT WARNING * * *
You barely miss the orc. The orc hits you but does no damage.
A worm comes into view.
You closely miss the orc. You headbutt the orc.
You kill the orc!
You feel sick. Something hits you.
* * * LOW HITPOINT WARNING * * *
You closely miss the kobold. You block the kobold's attack. Something hits you!
You die...

........####.....#### #..
...........#........###..
........##.#.##.##...%..
..
##..######.#.#........#
... #..
#......####..##... #.
#...............(. #
###.....#...........
#......#####(.......
.......†@K{##(...?...
...##....##o.o.......#
.#......#####.........
.##....# #.........
...... .....$.##. )....
##.###### .##. .o. .. .o.
.%..


You could see 2 orcs and a kobold.

Vanquished Creatures
  A howler monkey (D:3)
  An orc priest (D:3)
  Jessica (D:2)
  3 adders
  A gnoll (D:1)
  An ooze (D:2)
  A worm (D:2)
  A dart slug (D:1)
  4 leopard geckos
  4 orcs (D:3)
  9 bats
  A giant cockroach (D:1)
  10 goblins
  4 hobgoblins
  2 jackals (D:1)
  10 kobolds
  3 frilled lizards (D:1)
  3 rats
60 creatures vanquished.

Notes
Turn   | Place    | Note
-------+----------+-------------------------------------------
     0 | D:1      | Peloso the Minotaur Fighter began the quest for the Orb.
     0 | D:1      | Reached XP level 1. HP: 19/19 MP: 0/0
   182 | D:1      | Reached XP level 2. HP: 26/27 MP: 1/1
   237 | D:1      | Reached XP level 3. HP: 24/33 MP: 2/2
   721 | D:2      | Found a faded altar of an unknown god.
   777 | D:2      | Noticed Jessica
   787 | D:2      | Killed Jessica
   787 | D:2      | Reached XP level 4. HP: 31/40 MP: 3/3
  1355 | D:3      | Found a glowing silver altar of Zin.
  1359 | D:3      | Found a sacrificial altar of Ru.
  1368 | D:3      | Reached skill level 1 in Dodging
  1379 | D:3      | Reached XP level 5. HP: 41/47 MP: 4/4
  1441 | D:3      | Noticed Sigmund
  1460 | D:3      | Slain by Sigmund

Skill      XL: |  1  2  3  4  5 |
---------------+----------------+-----
Armour         | 4 |  4.9
Fighting       | 4 |  4.4
Shields        | 4 |  4.9
Long Blades    | 3 4 |  4.1
Dodging        | 1 |  1.4

Action                   |  1- 3 |  4- 6 || total
-------------------------+-------+-------++-------
Melee: Long sword        |    81 |    56 ||   137
       Headbutt          |    13 |    14 ||    27
  Use: Potion            |       |     1 ||     1
  Eat: Chunk             |       |     4 ||     4
Armor: Scale mail        |    51 |    34 ||    85
Dodge: Dodged            |    34 |    18 ||    52
Block: Shield            |    59 |    44 ||   103
       Rpst.: Long sword |     8 |     7 ||    15
